Unix NetHack Version 3.7.0-90 Work-in-progress - last build Dec 3 2023 20:32:41 (e33b8c7efbf99322d2e85d301d47f1b6a39c1704,branch:master). Game began 2023-12-03 23:10:01, ended 2023-12-04 00:03:16. DoktorL, lawful female dwarven Valkyrie | ------}| | |}}.}}}|--.| |.... |}...`.|0.%| | -|....... |}..00.|.--- |(\.........- -...%{....}.....|.| | -|..... |......|.| | |}...0..<| |}}}}}}-.-- ------}| .*|0| | |%|.|h| |*|.|E| |%-%-T| |)..%0| ------ DoktorL the Woman-at-arms St:17 Dx:12 Co:20 In:14 Wi:11 Ch:10 Lawful S:54118 Dlvl:26 $:748 HP:0(127) Pw:17(17) AC:-7 Xp:11/11499 T:11197 Latest messages: The rock troll picks up 7 red gems. What do you want to use or apply? [dejkstvyAENW or ?*] What do you want to write with? [- abjknxyAEFNPSW or ?*] You engrave in the floor with an uncursed wand of digging. Gravel flies up from the floor. The rock troll turns to flee. The rock troll picks up 3 violet gems. What do you want to use or apply? [dejkstvyAENW or ?*] f - an uncursed scroll of enchant armor. L - a blessed potion called water. The rock troll picks up 3 yellowish brown gems. # What do you want to dip? [a-fi-knr-tvxyACEFKLNPSTWZ or ?*] What do you want to dip an uncursed scroll of enchant armor into? [L or ?*] Your scroll of enchant armor glows with a light blue aura. The rock troll picks up 4 orange gems. What do you want to read? [f or ?*] As you read the scroll, it disappears. Your gray dragon scale mail glows silver for a moment. Something is engraved here on the floor. You read: "Elbereth". You see no objects here. You feel an unseen monster! It hits! The rock troll picks up 4 black gems. Pick an object. You fall into your pit! Valkyrie, all your powers will be lost... You are still in a pit. You are still in a pit. You are still in a pit. It hits! The massive hammer hits! Lightning strikes it! It hits! The massive hammer hits! Lightning strikes it! You miss it. It just misses! The massive hammer hits! Lightning strikes it! The massive hammer hits! Lightning strikes it! You kill it! You crawl to the edge of the pit. With great effort you move the boulder. You stop searching. The rock troll falls into your pit! The rock troll throws a spear! The spear hits the water elemental. The massive hammer hits! Lightning strikes the water elemental! The water elemental hits! You die... Do you want your possessions identified? [ynq] (y) Inventory: Coins $ - 748 gold pieces Amulets T - a blessed amulet versus poison r - an uncursed amulet versus poison (being worn) Weapons S - 2 +0 daggers b - a +1 dwarvish spear F - 4 +0 elven daggers (at the ready) a - the rustproof +0 Mjollnir (weapon in right hand) Armor i - a blessed +0 orcish helm (being worn) c - an uncursed +3 small shield (being worn) C - a blessed greased +3 gray dragon scale mail (being worn) Comestibles K - an uncursed lizard corpse Z - an uncursed lizard corpse Rings n - an uncursed +0 ring of protection (on right hand) x - an uncursed ring of shock resistance (on left hand) P - an uncursed ring of teleport control Wands N - a wand of digging (0:3) A - a wand of enlightenment (0:9) W - a wand of opening (0:5) E - a wand of slow monster (0:0) j - a wand of speed monster (0:3) y - a wand of striking (0:0) k - a wand of undead turning (0:6) Tools t - an uncursed bag of holding containing 35 items v - a blessed oil lamp d - a +0 pick-axe s - an uncursed skeleton key e - a +0 unicorn horn Contents of the bag of holding: 74 gold pieces 4 uncursed tripe rations an uncursed scroll of light a blessed scroll of blank paper 3 uncursed scrolls of blank paper a blessed scroll of magic mapping an uncursed scroll of magic mapping 2 uncursed scrolls of teleportation an uncursed scroll of destroy armor an uncursed scroll of earth a blessed scroll of identify an uncursed scroll of punishment an uncursed potion of speed an uncursed potion of fruit juice an uncursed potion of gain ability an uncursed potion of levitation a blessed potion of acid an uncursed potion of gain level 2 uncursed potions of object detection a potion of holy water 3 uncursed potions of water an uncursed potion of booze a blessed potion of enlightenment an uncursed potion of enlightenment a blessed potion of oil an uncursed potion of restore ability an uncursed ring of free action an uncursed ring of fire resistance an uncursed ring of fire resistance an uncursed ring of cold resistance an uncursed ring of see invisible an uncursed ring of cold resistance an uncursed ring of see invisible an uncursed -2 ring of protection a wand of undead turning (0:5) DoktorL the Valkyrie's attributes: Background: You were a Woman-at-arms, a level 11 dwarven Valkyrie. You were lawful, on a mission for Tyr who was opposed by Odin (neutral) and Loki (chaotic). You were in the Dungeons of Doom, on level 26. You entered the dungeon 11197 turns ago. It was the midnight hour. You had 11499 experience points, 8501 more were needed to attain level 12. Your score was 54118 before end-of-game adjustments. Basics: You had 0 out of 127 hit points. You had all 17 energy points (spell power). Your armor class was -7. Your wallet contained 748 zorkmids, and you had 74 more stashed away in your pack. Autopickup was on for '$"?!/=' plus thrown, with exceptions. Final Characteristics: Your strength was 17 (limit:18/100). Your dexterity was 12 (peak:13, limit:20). Your constitution was 20 (limit:20). Your intelligence was 14 (limit:16). Your wisdom was 11 (limit:16). Your charisma was 10 (limit:16). Final Status: You weren't hungry. You were unencumbered. You were wielding a hammer. You were skilled in hammer and could have enhanced that. Final Attributes: You were piously aligned. You were magic-protected. You were fire resistant. You were cold resistant. You were sleep resistant. You were shock resistant. Your items were protected from electric shocks. You were poison resistant. You were telepathic. You had infravision. You were stealthy. You were warded. You were fast. You are dead. Miscellaneous: You disabled loading of bones levels. Total elapsed playing time was 53 minutes and 14 seconds. Major events: Turn 1: DoktorL the lawful dwarven Valkyrie entered the dungeon 932: attained the rank of Skirmisher (level 3) 1864: was bestowed with Mjollnir by Tyr 2305: entered the Gnomish Mines 3160: reached Mine Town 3452: attained the rank of Fighter (level 6) 4609: made her first wish - "holy greased +2 gray dragon scale mail", got "a greased gray dragon scale mail" 5628: entered Sokoban 6193: completed 2nd Sokoban level 6674: completed 3rd Sokoban level 7572: completed 4th Sokoban level 9721: attained the rank of Woman-at-arms (level 10) 11197: killed by a water elemental Vanquished creatures: a purple worm a minotaur a displacer beast 2 liches a frost giant a ghost 2 giant mimics a long worm an umber hulk a flesh golem a stalker 3 earth elementals 2 xorns 2 giant zombies 4 wargs 2 winter wolves a glass piercer 2 xans 2 wood golems 3 sharks 3 gelatinous cubes a large dog a freezing sphere a tiger an ochre jelly 2 human mummies a red naga a carnivorous ape an ettin zombie 4 Grey-elves 3 soldiers 2 chameleons a giant beetle 3 quivering blobs a cockatrice 6 wolves a winter wolf cub 8 gremlins 4 leprechauns 2 giant spiders 3 horses 4 black lights a vampire bat 2 gnome rulers an orc mummy 4 ogres 2 yetis a gold golem a Green-elf 2 giant eels 2 lizards a dingo 2 housecats a gray unicorn a dust vortex a raven a gnome mummy 2 water moccasins 2 apes a human zombie 2 water nymphs 2 mountain nymphs a rock piercer 3 rock moles 3 ponies 2 yellow lights a shrieker 9 elf zombies a paper golem 2 giant ants 5 floating eyes a dwarf 3 homunculi a kobold leader a kobold shaman a hill orc 6 rothes 3 centipedes a giant bat 2 orc zombies 4 dwarf zombies 7 iguanas 2 killer bees an acid blob a coyote a hobbit 2 manes 3 large kobolds 2 hobgoblins a giant rat 7 cave spiders 3 brown molds a red mold 4 gnomes 14 garter snakes 2 gnome zombies 4 geckos 3 jackals 3 foxes a kobold 2 goblins a sewer rat a grid bug 10 bats 3 lichens 7 newts 256 creatures vanquished. No species were genocided or became extinct. Voluntary challenges: You read items or engraved 17 times. You engraved Elbereth 4 times. You never had a pet. You never genocided any monsters. You never polymorphed an object. You never changed form. You used 1 wish. You did not wish for any artifacts. You did not violate any of the special Sokoban rules. Achievements: You attained the rank of Skirmisher. You entered the Gnomish Mines. You entered Minetown. You attained the rank of Fighter. You entered a shop. You entered a temple. You entered Sokoban. You attained the rank of Woman-at-arms. The Dungeons of Doom: levels 1 to 26 Level 1: A fountain, a grave. Level 2: An altar to Tyr. Level 3: A grave. Level 4: Many fountains. Stairs down to The Gnomish Mines. Level 5: A fountain. Level 6: A fountain. Level 7: Level 8: Many fountains. Oracle of Delphi. Level 9: A fountain, a grave. Stairs up to Sokoban, level 8. Level 10: Level 11: A temple and an altar to Tyr. Level 12: Level 13: Level 14: Level 15: A primitive area. Summoned by the Norn. Level 16: Level 17: Level 18: Level 19: Level 20: Level 21: Level 22: An altar. Level 23: Level 24: A fountain. Level 25: Level 26: <- You were here. A throne, a fountain. The castle. Final resting place for you, killed by a water elemental. The Gnomish Mines: levels 5 to 9 Level 5: Level 6: "PICK" Level 7: Many shops, a temple and an altar, some fountains. Level 8: Level 9: Sokoban: levels 8 up to 5 Level 5: Solved. Level 6: Solved. Level 7: Solved. Level 8: Unsolved. Game over: ---------- / \ / REST \ / IN \ / PEACE \ / \ | DoktorL | | 822 Au | | killed by a | | water elemental | | | | | | 2023 | *| * * * | * _________)/\\_//(\/(/\)/\//\/|_)_______ Farvel DoktorL the Valkyrie... You died in The Dungeons of Doom on dungeon level 26 with 54036 points, and 822 pieces of gold, after 11197 moves. You were level 11 with a maximum of 127 hit points when you died.